 Dungeon Crawl Stone Soup version 0.28.0-47-ge53b351184 (webtiles) character file.

Game seed: 12434046797977796792

11 joe1234567 the Shield-Bearer (level 2, 0/22 (27) HPs)
             Began as a Minotaur Fighter on May 2, 2022.
             Slain by Terence
             ... wielding a +2 mace of draining
              (8 damage)
             ... on level 2 of the Dungeon.
             The game lasted 00:03:49 (708 turns).

joe1234567 the Shield-Bearer (Minotaur Fighter)      Turns: 708, Time: 00:03:50

HP:   0/22 (27)     AC:  7    Str: 20    XL:     2   Next: 17%
MP:   1/1           EV:  9    Int:  5    God:
Gold: 50            SH:  4    Dex:  9    Spells: 1/1 levels left

rFire   . . .      SeeInvis .   a - +0 long sword
rCold   . . .      Faith    .   c - +0 buckler
rNeg    . . .      Spirit   .   b - +0 scale mail
rPois   .          Reflect  .   (helmet restricted)
rElec   .          Harm     .   (no cloak)
rCorr   .          Rampage  .   (no gloves)
Will    .....                   (no boots)
Stlth   ..........              (no amulet)
HPRegen 0.07/turn               (no ring)
MPRegen 0.07/turn               (no ring)

@: heavily drained
A: horns 2, retaliatory headbutt
a: no special abilities


You were on level 2 of the Dungeon.
You visited 1 branch of the dungeon, and saw 2 of its levels.

You collected 50 gold pieces.

Inventory:

Hand Weapons
 a - a +0 long sword (weapon)
Missiles
 e - 17 stones (quivered)
 f - 2 poisoned darts
Armour
 b - a +0 scale mail (worn)
 c - a +0 buckler (worn)
Scrolls
 g - a scroll of enchant armour {unknown}
 i - a scroll of identify
 j - a scroll of amnesia {unknown}
Potions
 d - a potion of might
 h - a potion of haste


   Skills:
 + Level 3.8 Fighting
 + Level 2.4 Long Blades
 + Level 0.6 Throwing
 + Level 3.9 Armour
 + Level 3.9 Shields


You had one spell level left.
You didn't know any spells.
Your spell library was empty.

Dungeon Overview and Level Annotations

Branches:
Dungeon (2/15)

Altars:

Annotations:
D:2 Terence


Innate Abilities, Weirdness & Mutations

You have a pair of horns on your head.
You reflexively headbutt those who attack you in melee.


Message History

You barely miss Terence.
Terence hits you with a +2 mace of draining!
You feel drained. Terence barely misses you.
You hit Terence. You headbutt Terence, but do no damage.
Terence is moderately wounded.
Terence barely misses you.
You hit Terence but do no damage.
Terence is moderately wounded.
Terence hits you with a +2 mace of draining!
You feel drained.
You hit Terence but do no damage.
Terence is moderately wounded.
Terence barely misses you. You block Terence's attack.
You are too injured to fight recklessly!
You are too injured to fight recklessly!
You are too injured to fight recklessly!
You are too injured to fight recklessly!
You are too injured to fight recklessly!
You are too injured to fight recklessly!
You are too injured to fight recklessly!
You are too injured to fight recklessly!
You are too injured to fight recklessly!
You are too injured to fight recklessly!
You are too injured to fight recklessly!
You are too injured to fight recklessly!
You are too injured to fight recklessly!
You are too injured to fight recklessly!
You are too injured to fight recklessly!
You are too injured to fight recklessly!
You hit Terence but do no damage.
Terence is moderately wounded.
Terence barely misses you.
You hit Terence.
Terence is moderately wounded.
Terence hits you with a +2 mace of draining.
You feel drained.
You hit Terence but do no damage.
Terence is moderately wounded.
Terence hits you with a +2 mace of draining!
You die...

.....# #..#.# #.#.####
#......# #########......#
...............#
..########....$#####+#####
..'............@@........<
..#########.########.#####
### #..# # ##.# .# .# .#
..


You could see Terence.

Vanquished Creatures
  2 bats (D:1)
  A giant cockroach (D:2)
  3 goblins (D:1)
  A hobgoblin (D:1)
  A ball python (D:2)
  A kobold (D:1)
  2 rats (D:1)
11 creatures vanquished.

Notes
Turn   | Place    | Note
-------+----------+-------------------------------------------
     0 | D:1      | joe1234567 the Minotaur Fighter began the quest for the
                  | Orb.
     0 | D:1      | Reached XP level 1. HP: 19/19 MP: 0/0
   463 | D:1      | Reached XP level 2. HP: 27/27 MP: 1/1
   692 | D:2      | Noticed Terence
   708 | D:2      | Slain by Terence

Illustrated notes

Levels and vault maps discovered:
D:1:      ncdulo_smallfort, layout_rooms
D:2:      layout_basic, serial_shops, nicolae_shop_stone, uniq_terence

Action                   || total
-------------------------++-------
Melee: Staff             ||     7
       Long sword        ||    16
       Headbutt          ||     1
Throw: Stone             ||    42
       Dart              ||     6
  Use: Scroll            ||     2
Armor: Scale mail        ||    33
Dodge: Dodged            ||    31
Block: Buckler           ||    13
